 Dungeon Crawl Stone Soup version 0.30-a0-956-gcec3b41aec (webtiles) character file.

Game seed: 13782481061394006995

14029 cforsyth the Basher (level 12, -10/99 HPs)
             Began as a Formicid Fighter on Mar 30, 2023.
             Was a Believer of Ru.
             Mangled by a dire elephant simulacrum (12 damage)
             ... in an ice cave.
             The game lasted 00:30:08 (15866 turns).

cforsyth the Basher (Formicid Fighter)             Turns: 15866, Time: 00:30:09

Health: -10/99     AC: 17    Str: 27    XL:     12   Next: 40%
Magic:  12/12      EV:  7    Int:  7    God:    Ru [**....]
Gold:   503        SH:  6    Dex: 11    Spells: 11/11 levels left

rFire   . . .      SeeInvis +    J - +4 dire flail (freeze)
rCold   + + .      Faith    .    c - +0 buckler
rNeg    + . .      Spirit   .    o - +0 plate armour
rPois   +          Reflect  .    (helmet unavailable)
rElec   +          Rampage  .    (no cloak)
rCorr   +                        g - +2 pair of gloves
Will    +....                    (no boots) Stlth
                                 (no amulet)
HPRegen 0.36/turn                H - ring of positive energy
MPRegen 0.13/turn                O - ring of ice

@: mighty, resistant, studying Axes
A: permanent stasis, dig shafts and tunnels, antennae 3, clumsy 1, inability to
train dodging, four strong arms
a: Dig, Renounce Religion


You were in an ice cave.
You worshipped Ru.
Ru was pleased with you.
You visited 2 branches of the dungeon, and saw 12 of its levels.
You also visited: Ice Cave.

You collected 794 gold pieces.
You spent 291 gold pieces at shops.

Inventory:

Hand Weapons
 J - a +4 dire flail of freezing (weapon)
Missiles
 P - a throwing net
Armour
 b - a +0 scale mail
 c - a +0 buckler (worn)
 g - a +2 pair of gloves (worn)
 o - a +0 plate armour (worn)
Jewellery
 e - a ring of wizardry
 E - a ring of flight
 H - a ring of positive energy (left hand)
 N - a ring of resist corrosion
 O - a ring of ice (right hand)
Wands
 r - a wand of roots (2)
 y - a wand of charming (3)
Scrolls
 a - 2 scrolls of summoning {unknown}
 i - a scroll of enchant weapon
 q - 5 scrolls of enchant armour
 u - a scroll of torment
 v - a scroll of brand weapon {unknown}
 z - 3 scrolls of immolation
 A - 2 scrolls of poison
 B - a scroll of vulnerability
 G - 2 scrolls of fear
 I - 2 scrolls of fog
 L - a scroll of silence
Potions
 d - 2 potions of might
 f - a potion of cancellation
 k - 3 potions of magic
 m - 2 potions of brilliance
 n - 3 potions of lignification
 p - a potion of mutation
 s - 4 potions of curing
 x - a potion of attraction
 K - a potion of ambrosia


   Skills:
 + Level 10.8 Fighting
 - Level 14.0 Maces & Flails
 + Level 8.2 Armour
 + Level 9.8 Shields


You had 11 spell levels left.
You didn't know any spells.
Your spell library contained the following spells:

 Spells                   Type           Power      Damage    Failure   Level
 Apportation              Tloc           0%         N/A       99%         1
 Necrotise                Necr           0%         1d4       99%         1
 Summon Small Mammal      Summ           0%         N/A       99%         1
 Hailstorm                Conj/Ice       0%         3d3       100%        3
 Ozocubu's Armour         Ice            0%         N/A       100%        3
 Ice Form                 Ice/Tmut       0%         N/A       100%        4
 Simulacrum               Ice/Necr       0%         N/A       100%        6
 Ozocubu's Refrigeration  Ice            0%         4d7       100%        7


Dungeon Overview and Level Annotations

Branches:
Dungeon (11/15)            Temple (1/1) D:6            Lair (0/5) D:8
  IceCv (1/1)
    Orc: D:9-12

Altars:
Ashenzari
Cheibriados
Dithmenos
Elyvilon
Fedhas
Gozag
Hepliaklqana
Kikubaaqudgha
Makhleb
Nemelex Xobeh
Okawaru
Qazlal
Ru
Sif Muna
Trog
Uskayaw
Vehumet
Wu Jian
Xom
Yredelemnul
Zin
The Shining One

Shops:
D:6 ***


Innate Abilities, Weirdness & Mutations

You cannot be hasted, slowed, berserked, paralysed or teleported.
You can dig through walls and to a lower floor.
You have a pair of large antennae on your head. (SInv)
You are clumsy. (Dex -2)
You cannot train Dodging skill.
Your four strong arms can wield two-handed weapons with a shield.


Message History

The freezing wraith is moderately damaged.
The freezing wraith hits you. The freezing wraith freezes you! You resist.
The freezing wraith hits you. The freezing wraith drains your vigour!
Your stasis prevents you from being slowed.
You closely miss the freezing wraith.
The freezing wraith is moderately damaged.
You block the dire elephant simulacrum's attack.
The dire elephant simulacrum closely misses you.
You feel very mighty all of a sudden.
The freezing wraith hits you but does no damage. x2
The dire elephant simulacrum tramples you but does no damage.
The dire elephant simulacrum trunk-slaps you.
The dire elephant simulacrum freezes you!!
You resist.
* * * LOW HITPOINT WARNING * * *
You hit the freezing wraith.
The freezing wraith is heavily damaged.
The freezing wraith hits you but does no damage. x2
You feel much better.
The dire elephant simulacrum tramples you!
* * * LOW HITPOINT WARNING * * *
You hold your ground!
The dire elephant simulacrum trunk-slaps you but does no damage.
The freezing wraith hits you.
* * * LOW HITPOINT WARNING * * *
The freezing wraith freezes you. You resist.
* * * LOW HITPOINT WARNING * * *
The freezing wraith barely misses you.
The three-headed hydra simulacrum bites you but does no damage.
You block the three-headed hydra simulacrum's attack.
The three-headed hydra simulacrum bites you.
* * * LOW HITPOINT WARNING * * *
The three-headed hydra simulacrum freezes you!
You resist.
* * * LOW HITPOINT WARNING * * *
You feel protected. The freezing wraith closely misses you.
The freezing wraith hits you but does no damage.
The dire elephant simulacrum tramples you!
You die...

####### ########
#.....## ##...(.#.
#......###......#.
#.Z.....#.......#.
#@W..∩............
#.Z.....#.......#.
#......###......#.
#.....## ##...[.#.
####### ########


You could see a freezing wraith, a three-headed hydra simulacrum and a dire
elephant simulacrum.

Vanquished Creatures
  Josephine (D:10)
  3 centaur warriors (D:8)
  3 two-headed ogres
  An ugly thing (IceCv)
  3 ice statues (IceCv)
  Joseph (D:8)
  A gargoyle (D:11)
  An unseen horror (D:11)
  Psyche (D:10)
  2 rime drakes (D:11)
  A troll (D:10)
  3 wraiths (D:10)
  5 yaks
  3 steam dragons
  5 wyverns
  A death yak simulacrum (IceCv)
  4 water moccasins
  2 orc warriors
  2 sky beasts
  A black bear (D:5)
  2 ice beasts
  2 centaurs
  2 phantoms
  4 kobold brigands
  5 bullfrogs
  A gnoll sergeant (D:9)
  2 cane toad simulacra (IceCv)
  4 scorpions
  A wyvern zombie (D:8)
  20 wights
  3 killer bees (D:8)
  A howler monkey (D:9)
  A jelly (D:4)
  3 centaur zombies (D:8)
  A hound (D:5)
  3 orc priests
  A sleepcap (D:6)
  4 iguanas
  7 orc wizards
  A polar bear simulacrum (IceCv)
  A killer bee zombie (D:8)
  3 wolf simulacra (IceCv)
  A howler monkey zombie (D:8)
  3 adders
  4 gnolls (D:9)
  2 white imps (D:7)
  2 worms (D:3)
  3 dart slugs
  32 orcs
  5 ball pythons
  5 endoplasms
  2 giant cockroaches
  12 goblins
  14 hobgoblins
  3 quokkas
  3 bats
  A frilled lizard (D:3)
  34 kobolds
  3 rats
245 creatures vanquished.

Vanquished Creatures (others)
  2 water moccasins (D:8)
  2 bushes (D:8)
  14 fungi
  17 plants
  4 toadstools (D:6)
  6 withered plants (D:8)
45 creatures vanquished.

Grand Total: 290 creatures vanquished

Notes
Turn   | Place    | Note
-------+----------+-------------------------------------------
     0 | D:1      | cforsyth the Formicid Fighter began the quest for the Orb.
     0 | D:1      | Reached XP level 1. HP: 18/18 MP: 1/1
    77 | D:1      | Reached XP level 2. HP: 22/24 MP: 2/2
   293 | D:1      | Found a faded altar of an unknown god.
   683 | D:2      | Identified the +1 robe "Jaoc" {rPois}
   688 | D:2      | Reached XP level 3. HP: 30/30 MP: 3/3
   736 | D:2      | Reached skill level 3 in Maces & Flails
  1239 | D:3      | Reached XP level 4. HP: 10/37 MP: 4/4
  1871 | D:4      | Reached skill level 4 in Maces & Flails
  1871 | D:4      | Reached XP level 5. HP: 37/42 MP: 5/5
  1991 | D:4      | Found a sparkling altar of Nemelex Xobeh.
  2467 | D:5      | Entered Level 5 of the Dungeon
  2473 | D:5      | Reached skill level 5 in Maces & Flails
  2473 | D:5      | Reached XP level 6. HP: 43/49 MP: 6/6
  2512 | D:5      | Found a glowing silver altar of Zin.
  2512 | D:5      | Noticed an angel
  2515 | D:5      | Found a shimmering altar of Xom.
  2518 | D:5      | Noticed a black bear
  2644 | D:5      | Noticed an ice beast
  2660 | D:5      | Killed a black bear
  2661 | D:5      | Reached skill level 5 in Fighting
  2675 | D:5      | Killed an ice beast
  2676 | D:5      | Reached XP level 7. HP: 56/56 MP: 7/7
  2712 | D:5      | Reached skill level 6 in Maces & Flails
  3515 | D:6      | Reached skill level 7 in Maces & Flails
  3515 | D:6      | Reached XP level 8. HP: 44/61 MP: 8/8
  4665 | D:6      | Found Kaisaw's Assorted Antiques.
  4766 | D:6      | Reached skill level 8 in Maces & Flails
  4866 | D:6      | Found Qazin's Assorted Antiques.
  5040 | D:6      | Found a staircase to the Ecumenical Temple.
  5161 | D:6      | Found Ximm's Assorted Antiques.
  5170 | D:6      | Bought a murky grey potion for 23 gold pieces
  5170 | D:6      | Bought a scroll labelled WYTOIV LINI for 26 gold pieces
  5170 | D:6      | Bought a scroll labelled VIOSUI NER LOQ for 26 gold pieces
  5702 | Temple   | Entered the Ecumenical Temple
  5952 | Temple   | Became a worshipper of Ru the Awakened
  6084 | D:7      | Noticed a wyvern
  6105 | D:7      | Killed a wyvern
  6106 | D:7      | Reached XP level 9. HP: 26/72 MP: 9/9
  6110 | D:7      | Reached skill level 9 in Maces & Flails
  6777 | D:7      | Identified the +0 pair of boots "Biomiv" {rF- Regen+ Str+4
                  | Int+4}
  6852 | D:7      | Reached skill level 10 in Maces & Flails
  8262 | D:8      | Found a staircase to the Lair.
  8300 | D:8      | Reached XP level 10. HP: 53/82 MP: 10/10
  8308 | D:7      | Reached skill level 11 in Maces & Flails
  8835 | D:6      | Gained mutation: You are clumsy. (Dex -2) [Ru sacrifice]
  9032 | D:6      | Bought a scroll labelled FEHOREULAPS for 25 gold pieces
  9032 | D:6      | Bought 2 fizzy white potions for 45 gold pieces
  9032 | D:6      | Bought a glowing sapphire potion for 22 gold pieces
  9032 | D:6      | Bought a scroll labelled IDOLOI FYTE for 25 gold pieces
  9046 | D:6      | Bought a scroll labelled ISUCOF QACHUH for 33 gold pieces
  9046 | D:6      | Bought a scroll labelled DENORY XIFULE for 33 gold pieces
  9046 | D:6      | Bought a scroll labelled VIOSUI NER LOQ for 33 gold pieces
 10070 | D:8      | Noticed Joseph
 10109 | D:8      | Killed Joseph
 10110 | D:8      | Reached skill level 12 in Maces & Flails
 10483 | D:8      | Reached skill level 10 in Fighting
 10593 | D:8      | Noticed a centaur warrior
 10611 | D:8      | Killed a centaur warrior
 10636 | D:8      | Noticed a centaur warrior
 10830 | D:8      | Noticed a centaur warrior
 10840 | D:8      | Killed a centaur warrior
 10841 | D:8      | Reached skill level 13 in Maces & Flails
 10841 | D:8      | Reached XP level 11. HP: 91/92 MP: 11/11
 11379 | D:8      | Killed a centaur warrior
 11380 | D:8      | Reached skill level 5 in Shields
 11534 | D:9      | Noticed a two-headed ogre
 11644 | D:9      | Noticed a two-headed ogre
 11698 | D:8      | Killed a two-headed ogre
 12519 | D:9      | Found a white marble altar of Elyvilon.
 12844 | D:10     | Entered Level 10 of the Dungeon
 13088 | D:10     | Gained mutation: You cannot train Dodging skill. [Ru
                  | sacrifice]
 13088 | D:10     | Reached * piety under Ru
 13088 | D:10     | Reached ** piety under Ru
 13098 | D:10     | Noticed Josephine
 13116 | D:10     | Killed Josephine
 13117 | D:10     | Reached skill level 5 in Armour
 13123 | D:10     | Reached skill level 14 in Maces & Flails
 13387 | D:10     | Noticed a two-headed ogre
 13404 | D:10     | Killed a two-headed ogre
 13761 | D:10     | Noticed Psyche
 13766 | D:10     | Killed Psyche
 13864 | D:10     | Noticed a two-headed ogre
 13875 | D:10     | Killed a two-headed ogre
 13876 | D:10     | Reached XP level 12. HP: 58/99 MP: 12/12
 14157 | D:11     | Identified the +1 mace "Ymaclajo" {distort, rCorr Int+3}
 14221 | D:11     | Found a frozen archway.
 14326 | IceCv    | Entered an ice cave
 15865 | IceCv    | HP: 2/99 [three-headed hydra simulacrum (10)]
 15866 | IceCv    | Mangled by a dire elephant simulacrum

Illustrated notes

Levels and vault maps discovered:
D:1:      heliophobic_arrival_enchanted_forest, layout_rooms,
          chequers_ecumenical_altar_island
D:2:      layout_basic
D:3:      layout_basic
D:4:      corexii_shantytown, layout_basic, lemuel_doored_altar
D:5:      layout_rooms, grunt_temple_overflow_order_and_chaos_1
D:6:      layout_loops_cross, minmay_temple_entry_glassed_door, serial_shops,
          nicolae_shop_waterfront, shop, nicolae_shop_advertising_works
          [nicolae_subvault_shop_adworks], minmay_gold_behind_fungi
D:7:      layout_basic
D:8:      cheibrodos_helix_gallery, layout_loops_ring, minmay_lair_entry_grove,
          serial_undead, serial_undead_f, serial_undead_d, serial_undead_e,
          serial_undead_b, minmay_manual_moon, uniq_joseph
D:9:      layout_basic, kennysheep_little_box, serial_curves, eino_curves_03,
          eino_curves_03, hex_large, nicolae_fountain_basement
D:10:     layout_loops_ring, uniq_psyche, uniq_josephine
D:11:     layout_irregular_city, portal_ice_cave_rime, kennysheep_doodads,
          nrook_campfire, serial_bayou_pond_a
Temple:   hc_temple_tempest_star
IceCv:    ice_cave_statue_garden_chambered

Skill      XL: |  1  2  3  4  5  6  7  8  9 10 11 12 |
---------------+-------------------------------------+-----
Maces & Flails | 3 4 5 7 8 10 13 14 | 14.0
Fighting       | 4 5 6 7 8 10 | 10.8
Armour         | 6 8 |  8.2
Shields        | 8 9 |  9.8

Action                     |  1- 3 |  4- 6 |  7- 9 | 10-12 || total
---------------------------+-------+-------+-------+-------++-------
  Melee: Flail             |   104 |   117 |   355 |   102 ||   678
         Dire flail        |       |       |       |   334 ||   334
 Invoke: Sacrifice Purity  |       |       |       |     1 ||     1
         Sacrifice Nimblen |       |       |       |     1 ||     1
  Evoke: Wand              |       |       |     5 |    15 ||    20
    Use: Potion            |       |     2 |     3 |     4 ||     9
         Scroll            |       |       |       |    23 ||    23
   Stab: Invisible         |       |       |       |     1 ||     1
 Armour: Scale mail        |    10 |       |       |       ||    10
         Plate armour      |    57 |    68 |   213 |   180 ||   518
  Dodge: Dodged            |    36 |    35 |   107 |    90 ||   268
  Block: Buckler           |    29 |    22 |    90 |    74 ||   215

Table legend: (Time is in decaauts)
 A = Elapsed time spent in this place.
 B = Non-inter-level travel time spent in this place.
 C = Inter-level travel time spent in this place.
 D = Time resting spent in this place.
 E = Time spent auto-exploring this place.
 F = Levels seen in this place.
 G = Mean time per level.
                   A        B        C        D        E       F      G
               +--------+--------+--------+--------+--------+-----+--------+
         Total |  15837 |  15455 |    382 |   6262 |   6092 |  13 | 1218.2 |
       Dungeon |  14047 |  13674 |    373 |   5035 |   5846 |  11 | 1277.0 |
        Temple |    283 |    274 |      9 |      0 |    246 |   1 |  283.0 |
      Ice Cave |   1507 |   1507 |      0 |   1227 |      0 |   1 | 1507.0 |
               +--------+--------+--------+--------+--------+-----+--------+

Top non-repeatable levels by time:
     D:7: 3385 daAuts
     D:8: 2129 daAuts
     D:5: 1941 daAuts
     D:6: 1689 daAuts
   IceCv: 1507 daAuts
    D:10: 1252 daAuts
     D:4: 1010 daAuts
     D:9: 858 daAuts
     D:3: 597 daAuts
     D:1: 591 daAuts
     D:2: 408 daAuts
  Temple: 283 daAuts
    D:11: 182 daAuts
